 Dungeon Crawl Stone Soup version 0.27-a0-931-g5a74e75d8f (webtiles) character file.

Game seed: 13852662546968513199

96 Alarkh the Ruffian (level 4, 0/35 HPs)
             Began as a Demonspawn Gladiator on Apr 10, 2021.
             Slain by an orc wizard
             ... wielding a +0 dagger
              (1 damage)
             ... on level 3 of the Dungeon.
             The game lasted 00:02:18 (2581 turns).

Alarkh the Ruffian (Demonspawn Gladiator)           Turns: 2581, Time: 00:02:19

Health: 0/35       AC:  6    Str: 15    XL:     4   Next: 41%
Magic:  4/4        EV: 12    Int: 10    God:
Gold:   55         SH:  0    Dex: 14    Spells: 3/3 levels left

rFire    . . .     SeeInvis .     - Unarmed
rCold    . . .     Faith    .   (no shield)
rNeg     . . .     Spirit   .   a - +0 leather armour
rPois    .         Reflect  .   b - +0 helmet
rElec    .         Harm     .   (no cloak)
rCorr    .         Rampage  .   (no gloves)
Will     .....                  d - +0 pair of boots
Stlth    +.........             (no amulet)
HPRegen  0.11/turn              (no ring)
MPRegen  0.09/turn              (no ring)

@: no status effects
A: foul stench 1, sharp scales 1
a: no special abilities


You were on level 3 of the Dungeon.
You visited 1 branch of the dungeon, and saw 3 of its levels.

You collected 55 gold pieces.

Inventory:

Missiles
 c - 3 throwing nets (quivered)
 l - 12 poisoned darts
Armour
 a - a +0 leather armour (worn)
 b - a +0 helmet (worn)
 d - a +0 pair of boots (worn)
Jewellery
 m - a ring of magical power
Wands
 k - a wand of acid (5)
Scrolls
 e - a scroll of magic mapping {unknown}
 f - 2 scrolls of identify {unknown}
 h - a scroll of blinking {unknown}
Potions
 g - a potion of brilliance {unknown}
 i - a potion of attraction {unknown}
 j - a potion of curing


   Skills:
 + Level 3.0 Fighting
 - Level 1.7 Throwing
 - Level 2.6 Dodging
 * Level 4.2 Unarmed Combat


You had 3 spell levels left.
You didn't know any spells.
Your spell library contained the following spells:

 Spells                   Type           Power      Damage    Failure   Level
 Shock                    Conj/Air       0%         1d3       43%         1
 Swiftness                Air            0%         N/A       56%         2
 Static Discharge         Conj/Air       0%         N/A       80%         3
 Airstrike                Air            0%         N/A       99%         4
 Lightning Bolt           Conj/Air       0%         1d11      100%        5


Dungeon Overview and Level Annotations

Branches:
Dungeon (3/15)

Altars:
Qazlal


Innate Abilities, Weirdness & Mutations

You may rarely emit foul miasma when damaged in melee.
You are partially covered in razor-sharp scales. (AC +1, Slay +1)


Message History

You feel sick. Something hits you but does no damage.
You feel sick. Something hits you.
You feel sick. The orc hits you with a +0 hand axe.
You feel sick.
You feel sick.
You feel sick.
You feel sick.
You are no longer poisoned.
It was a potion of curing.
You feel better. The orc misses you.
You hit the orc.
The orc is heavily wounded.
The orc hits you with a +0 hand axe.
You punch the orc!
You kill the orc!
The orc completely misses you.
Things that are here:
a +0 hand axe; an orc corpse The orc hits you but does no damage.
You hit the orc.
The orc is moderately wounded.
The orc hits you but does no damage.
An orc opens the door.
You hit the orc.
The orc is severely wounded.
The orc closely misses you.
You hit the orc.
You kill the orc!
The orc hits you with a +0 hand axe.
* * * LOW HITPOINT WARNING * * *
You barely miss the orc. The orc barely misses you.
You barely miss the orc. The orc hits you but does no damage.
You hit the orc.
The orc is almost dead.
Something hits you.
* * * LOW HITPOINT WARNING * * *
The orc hits you with a +0 hand axe.
* * * LOW HITPOINT WARNING * * *
You punch the orc!
You kill the orc!
The orc closely misses you. Something hits you.
You die...

..####.........................
...............................
...............#.#.#.#.#.......
...........####................
...........# ##.##'##.#.......
...........# #.)#...#.........
...........# ##)'...+.#.......
...........# #o.# #.........
...........# ##@##+##.#....###
...........# #.)........ ..
...........# ##.#.#.#.#.
...........# ###.# ############
.. ###


You could see an orc.

Vanquished Creatures
  2 adders (D:2)
  A worm (D:2)
  2 dart slugs
  3 orcs (D:3)
  5 ball pythons
  6 endoplasms
  4 giant cockroaches
  7 goblins
  6 hobgoblins
  10 jackals
  2 quokkas
  4 bats
  A frilled lizard (D:1)
  5 kobolds
  4 rats
62 creatures vanquished.

Notes
Turn   | Place    | Note
-------+----------+-------------------------------------------
     0 | D:1      | Alarkh the Demonspawn Gladiator began the quest for the
                  | Orb.
     0 | D:1      | Reached XP level 1. HP: 16/16 MP: 1/1
   156 | D:1      | Reached skill level 3 in Unarmed Combat
   202 | D:1      | Gained mutation: You are partially covered in razor-sharp
                  | scales. (AC +1, Slay +1) [demonic ancestry]
   202 | D:1      | Reached XP level 2. HP: 17/22 MP: 2/2
   957 | D:1      | Reached XP level 3. HP: 27/28 MP: 3/3
  1003 | D:1      | You fall into a shaft and drop 1 floor!
  1824 | D:2      | Reached skill level 4 in Unarmed Combat
  2036 | D:2      | Gained mutation: You may rarely emit foul miasma when
                  | damaged in melee. [demonic ancestry]
  2036 | D:2      | Reached XP level 4. HP: 33/34 MP: 4/4
  2501 | D:3      | Found a stormy altar of Qazlal.
  2580 | D:3      | HP: 1/35 [orc/+0 hand axe (6)]
  2581 | D:3      | Slain by an orc wizard

Illustrated notes

Levels and vault maps discovered:
D:1:      dpeg_arrival_simpleton_b, layout_loops_corners,
          chequers_serial_rivers_large_b
D:2:      layout_basic, kennysheep_generic_room_2
D:3:      layout_basic, overflow_temple_1_default,
          ebering_ecumenical_altar_abandoned, minmay_misc_feat_doors,
          grunt_ministairs_8

Skill      XL: |  1  2  3  4 |
---------------+-------------+-----
Unarmed Combat | 3 4 |  4.2
Fighting       | 3 |  3.0
Throwing       | |  1.7
Dodging        | |  2.6

Action                   |  1- 3 |  4- 6 || total
-------------------------+-------+-------++-------
Melee: Unarmed           |   164 |    43 ||   207
       Punch             |     1 |     1 ||     2
  Use: Potion            |     1 |     1 ||     2
 Stab: Sleeping          |     3 |       ||     3
Armor: Leather armour    |    57 |    15 ||    72
Dodge: Dodged            |    98 |    19 ||   117

Table legend: (Time is in decaauts)
 A = Elapsed time spent in this place.
 B = Non-inter-level travel time spent in this place.
 C = Inter-level travel time spent in this place.
 D = Time resting spent in this place.
 E = Time spent auto-exploring this place.
 F = Levels seen in this place.
 G = Mean time per level.
                   A        B        C        D        E       F      G
               +--------+--------+--------+--------+--------+-----+--------+
         Total |   2597 |   2557 |     40 |    358 |   1771 |   3 |  865.7 |
       Dungeon |   2597 |   2557 |     40 |    358 |   1771 |   3 |  865.7 |
               +--------+--------+--------+--------+--------+-----+--------+

Top non-repeatable levels by time:
     D:1: 1400 daAuts
     D:2: 1104 daAuts
     D:3: 92 daAuts
